 Dungeon Crawl Stone Soup version 0.18.1-50-g88ac8fd (webtiles) character file.

400 nikopol the Chopper (level 6, -2/56 HPs)
             Began as a Minotaur Berserker on Oct 13, 2016.
             Was a Believer of Trog.
             Slain by Pikel
             ... wielding a +1 whip of freezing
              (5 damage)
             ... on level 4 of the Dungeon.
             The game lasted 00:04:43 (2040 turns).

nikopol the Chopper (Minotaur Berserker)            Turns: 2040, Time: 00:04:44

Health: -2/56      AC:  4    Str: 22    XL:     6   Next: 54%
Magic:  5/5        EV: 13    Int:  4    God:    Trog [**....]
Gold:   97         SH:  0    Dex: 11    Spells: 0 memorised, 5 levels left

rFire  . . .     SeeInvis .     a - +0 hand axe
rCold  + . .     Gourm    .     j - +0 leather armour
rNeg   . . .     Faith    .     (no shield)
rPois  .         Spirit   .     (helmet restricted)
rElec  .         Dismiss  .     (no cloak)
rCorr  .         Reflect  .     q - +0 pair of gloves
SustAt .         Harm     .     (no boots)
MR     .....                    r - amulet of regeneration
Stlth  +.........               (no ring)
                                m - ring of protection from cold

@: exhausted, slowed, very slow, not resistant to hostile enchantments, very
unstealthy
A: retaliatory headbutt, horns 2
a: Berserk, Trog's Hand, Burn Spellbooks, Renounce Religion


You were on level 4 of the Dungeon.
You worshipped Trog.
Trog was pleased with you.
You were hungry.

You visited 1 branch of the dungeon, and saw 4 of its levels.

You collected 97 gold pieces.

Inventory:

Hand Weapons
 a - a +0 hand axe (weapon)
Missiles
 o - 42 arrows (quivered)
Armour
 b - a +0 animal skin
 j - a +0 leather armour (worn)
 q - a +0 pair of gloves (worn)
Jewellery
 m - a ring of protection from cold (left hand)
 r - an amulet of regeneration (around neck)
 s - a +4 ring of protection {unknown}
Scrolls
 e - 7 scrolls of identify {unknown}
 i - a scroll of magic mapping {unknown}
 l - 2 scrolls of remove curse {unknown}
Potions
 d - a potion of heal wounds {unknown}
 g - a potion of ambrosia {unknown}
 k - 2 potions of curing {unknown}
 p - a potion of might {unknown}
Comestibles
 c - 2 bread rations
 f - 3 fruits
 h - a beef jerky
 n - a meat ration
 t - 8 chunks of flesh


   Skills:
 + Level 5.3 Fighting
 + Level 5.4 Axes
 + Level 4.8 Armour
 + Level 4.1 Dodging


You had 5 spell levels left.
You didn't know any spells.

Dungeon Overview and Level Annotations

Branches:
Dungeon (4/15)
 Temple: D:4-7

Altars:
Gozag

Annotations:
D:4 Pikel


Innate Abilities, Weirdness & Mutations

You reflexively headbutt those who attack you in melee.
You have a pair of horns on your head.


Message History

Pikel hits you but does no damage.
You miss Pikel.
Pikel is almost dead.
Pikel closely misses you. Pikel barely misses you.
You hit Pikel but do no damage. You headbutt Pikel.
Pikel is almost dead.
Pikel hits you with a whip of freezing.
* * * LOW HITPOINT WARNING * * *
Pikel freezes you.
* * * LOW HITPOINT WARNING * * *
You closely miss Pikel.
Pikel is almost dead.
Pikel misses you. Pikel hits you with a whip of freezing.
* * * LOW HITPOINT WARNING * * *
Pikel freezes you.
* * * LOW HITPOINT WARNING * * *
Pikel hits you with a whip of freezing.
* * * LOW HITPOINT WARNING * * *
Pikel hits you with a whip of freezing.
You die...

#.............##
##.............#
##............#
###........###
###.....## ##.#####
..# ##..####
#....####......####
#.....[...K@.......
#.....[[..########.
#.........#
#..........#
#...........#
..<.........#
.............
.............#


You could see Pikel.

Vanquished Creatures
  Sigmund (D:4)
  The ghost of nikopol the Skirmisher, an amateur MiBe of Trog (D:3)
  4 slaves (D:4)
  An orc priest (D:3)
  Jessica (D:2)
  4 adders
  2 oozes
  A worm (D:2)
  2 dart slugs
  A giant gecko (D:1)
  8 orcs
  A ball python (D:1)
  2 giant cockroaches (D:3)
  2 goblins (D:1)
  2 hobgoblins
  8 jackals
  3 kobolds (D:3)
  3 bats
  2 giant gecko skeletons (D:4)
  A giant newt (D:1)
  10 rats
60 creatures vanquished.

Notes
Turn   | Place    | Note
--------------------------------------------------------------
     0 | D:1      | nikopol the Minotaur Berserker began the quest for the Orb.
     0 | D:1      | Reached XP level 1. HP: 19/19 MP: 0/0
   214 | D:1      | Reached XP level 2. HP: 27/27 MP: 1/1
   350 | D:1      | You fall through a shaft!
   402 | D:2      | Reached XP level 3. HP: 27/33 MP: 2/2
   788 | D:2      | Noticed Jessica
   790 | D:2      | Killed Jessica
   790 | D:2      | Reached XP level 4. HP: 36/40 MP: 3/3
   977 | D:2      | Reached ** piety under Trog
  1019 | D:2      | Found an opulent altar of Gozag.
  1551 | D:3      | Reached XP level 5. HP: 26/47 MP: 4/4
  1715 | D:3      | Noticed nikopol's ghost (amateur MiBe)
  1732 | D:3      | Killed nikopol's ghost
  1732 | D:3      | Reached skill level 5 in Fighting
  1732 | D:3      | Reached skill level 5 in Axes
  1975 | D:4      | Noticed Sigmund
  1984 | D:4      | Killed Sigmund
  1984 | D:4      | Reached XP level 6. HP: 40/56 MP: 5/5
  2005 | D:4      | Noticed a slave
  2005 | D:4      | Noticed a slave
  2005 | D:4      | Noticed a slave
  2006 | D:4      | Noticed Pikel
  2006 | D:4      | Noticed a slave
  2014 | D:4      | Killed a slave
  2015 | D:4      | Killed a slave
  2017 | D:4      | Killed a slave
  2022 | D:4      | Killed a slave
  2036 | D:4      | HP: 2/56 [Pikel/whip of freezing (4)]
  2040 | D:4      | Slain by Pikel

Skill      XL: |  1  2  3  4  5 |
---------------+----------------+-----
Axes           | 4 5 |  5.4
Armour         | 3 4 |  4.8
Fighting       | 4 5 |  5.3
Dodging        | 3 4 |  4.1

Action                   |  1- 3 |  4- 6 || total
-------------------------+-------+-------++-------
Melee: Hand axe          |    52 |   105 ||   157
       Headbutt          |     8 |    19 ||    27
Invok: Berserk           |       |     2 ||     2
  Eat: Chunk             |       |     5 ||     5
Armor: Animal skin       |     3 |       ||     3
       Leather armour    |       |    36 ||    36
Dodge: Dodged            |    34 |    73 ||   107
